 Dungeon Crawl Stone Soup version 0.23-a0-837-ga3e6480 (console) character file.

161 bli the Poker (level 5, 0/39 HPs)
             Began as a Merfolk Wanderer on Jan 24, 2019.
             Killed from afar by Blork the orc (6 damage)
             ... with a puff of flame
             ... on level 4 of the Dungeon on Jan 25, 2019.
             The game lasted 00:08:32 (2890 turns).

bli the Poker (Merfolk Wanderer)                    Turns: 2890, Time: 00:08:32

Health: 0/39       AC:  6    Str: 11    XL:     5   Next: 42%
Magic:  5/5        EV: 10    Int: 14    God:
Gold:   173        SH:  4    Dex: 13    Spells: 4/4 levels left

rFire    . . .     SeeInvis .   a - +2 spear
rCold    . . .     Gourm    .   e - +0 buckler
rNeg     . . .     Faith    .   b - +0 ring mail
rPois    .         Spirit   .   j - +0 helmet
rElec    .         Reflect  .   (no cloak)
rCorr    .         Harm     .   (no gloves)
MR       .....                  (no boots)
Stlth    +.........             (no amulet)
HPRegen  0.13/turn              m - ring of flight
MPRegen  0.09/turn              p - ring of wizardry

@: no status effects
A: change form in water, swift swim, stealthy swim
a: Evoke Flight


You were on level 4 of the Dungeon.
You were not hungry.

You visited 1 branch of the dungeon, and saw 4 of its levels.

You collected 173 gold pieces.

Inventory:

Hand Weapons
 a - a +2 spear (weapon)
 o - a +2 hand axe of draining
 s - a +0 trident
Missiles
 h - 73 stones (quivered)
 u - 4 needles of sleeping
 w - 5 javelins
 x - 15 poisoned needles
Armour
 b - a +0 ring mail (worn)
 e - a +0 buckler (worn)
 f - a +0 scale mail
 j - a +0 helmet (worn)
 y - a +0 chain mail
Jewellery
 m - a ring of flight (left hand)
 p - a ring of wizardry (right hand)
Scrolls
 g - 10 scrolls of teleportation {unknown}
 k - a scroll of fog {unknown}
 r - a scroll of remove curse {unknown}
Potions
 c - 3 potions of curing
 i - a potion of heal wounds {unknown}
 l - a potion of haste {unknown}
 q - a potion of magic {unknown}
 t - a potion of brilliance {unknown}
 v - a potion of degeneration {unknown}
Comestibles
 d - 6 rations


   Skills:
 + Level 2.5 Fighting
   Level 1.0 Maces & Flails
 * Level 6.1 Polearms
 + Level 2.5 Armour
 + Level 2.6 Dodging
 + Level 1.1 Stealth
 + Level 1.2 Shields


You had 4 spell levels left.
You didn't know any spells.
Your spell library was empty.

Dungeon Overview and Level Annotations

Branches:
Dungeon (4/15)
 Temple: D:4-7

Altars:
Ashenzari

Annotations:
D:4 Blork the orc


Message History

Blork the orc is heavily wounded.
Blork the orc screams, "I don't like you!"
Blork the orc mumbles some strange words.
Blork the orc seems to speed up.
You hit Blork the orc.
Blork the orc is heavily wounded.
Blork the orc hits you with a +0 scimitar!
You hit Blork the orc.
Blork the orc is severely wounded.
Blork the orc points at you and mumbles some strange words.
The magic dart hits you!
* * * LOW HITPOINT WARNING * * *
You barely miss Blork the orc.
Blork the orc is severely wounded.
Blork the orc barely misses you.
You hit Blork the orc.
Blork the orc is almost dead.
Blork the orc casts a spell at you. The puff of flame hits you.
You die...

...#..... #.....
...........
.................. ...
#.......#........# ...
###... ...#........##...
......##.##............#
.........#...##........#
#.....o......#........##
#......@...#...........#
#.#....#..##....##......
.......######..##.......
.....## #......##...
..... #.......#... ##..
##.....#.... ##
#..#.....#. ##.#....###
######## #


You could see Blork the orc.

Vanquished Creatures
  A worker ant zombie (D:3)
  3 adders (D:3)
  3 oozes
  2 worms (D:3)
  2 dart slugs
  3 leopard geckos
  8 orcs
  A ball python (D:1)
  8 bats
  6 giant cockroaches
  16 goblins
  10 hobgoblins
  A quokka (D:4)
  A ball python skeleton (D:4)
  A frilled lizard (D:2)
  9 kobolds
  A quokka skeleton (D:4)
  9 rats
85 creatures vanquished.

Notes
Turn   | Place    | Note
-------+----------+-------------------------------------------
     0 | D:1      | bli the Merfolk Wanderer began the quest for the Orb.
     0 | D:1      | bli set off with the following items: a +2 spear, a +0 ring
                  | mail, a potion of curing, a ration
     0 | D:1      | Reached XP level 1. HP: 16/16 MP: 1/1
    44 | D:1      | Reached skill level 2 in Polearms
   166 | D:1      | Reached XP level 2. HP: 22/22 MP: 2/2
   236 | D:1      | Reached skill level 3 in Polearms
   622 | D:1      | Reached XP level 3. HP: 21/27 MP: 3/3
   714 | D:1      | Reached skill level 4 in Polearms
  1432 | D:2      | Found a shattered altar of Ashenzari.
  1906 | D:2      | Reached XP level 4. HP: 33/33 MP: 4/4
  2048 | D:3      | Reached skill level 5 in Polearms
  2349 | D:3      | Reached XP level 5. HP: 36/39 MP: 5/5
  2508 | D:3      | Reached skill level 6 in Polearms
  2875 | D:4      | Noticed Blork the orc
  2890 | D:4      | Killed from afar by Blork the orc

Vault maps used:
D:1:      dpeg_arrival_boxes_within_box
D:2:      evilmike_ruin_ashenzari
D:4:      lightli_temple_of_fire, first_ration, uniq_blork_the_orc

Skill      XL: |  1  2  3  4  5 |
---------------+----------------+-----
Polearms       | 2 3 4 5 6 |  6.1
Dodging        | 2 |  2.6
Fighting       | |  2.5
Maces & Flails | |  1.0
Armour         | |  2.5
Stealth        | |  1.1
Shields        | |  1.2

Action                   |  1- 3 |  4- 6 || total
-------------------------+-------+-------++-------
Melee: Spear             |   117 |   149 ||   266
Throw: Stone             |       |     4 ||     4
 Stab: Sleeping          |     1 |       ||     1
  Eat: Chunk             |     3 |     3 ||     6
Armor: Ring mail         |    21 |    43 ||    64
Dodge: Dodged            |    33 |    46 ||    79
Block: Buckler           |    11 |    11 ||    22

Table legend:
 A = Non-vault XP
 B = Vault XP
 C = Vault XP percentage of total XP
 D = Non-vault monster count
 E = Vault monster count
 F = Vault count percentage of total count
                 A         B        C        D         E       F
            +---------+---------+-------+---------+---------+-------
      Total |     231 |       0 |   0.0 |      85 |       0 |   0.0
            +---------+---------+-------+---------+---------+-------
        D:1 |      54 |       0 |   0.0 |      28 |       0 |   0.0
        D:2 |      31 |       0 |   0.0 |      14 |       0 |   0.0
        D:3 |     136 |       0 |   0.0 |      39 |       0 |   0.0
        D:4 |      10 |       0 |   0.0 |       4 |       0 |   0.0
            +---------+---------+-------+---------+---------+-------
